ITL
TUSCALOOSA TROUT SLAYERS @ HAVANA ROLLERS
09/13/2030
 
TOP OF THE 1ST
Tuscaloosa Trout Slayers batting - Pitching for Havana Rollers : RHP Rafael Marín
Pitching: RHP Rafael Marín
Batting: LHB Manuel Ortega 0-0: Foul Ball, location: 2F
0-1: Foul Ball, location: 2F
0-2: Ball
1-2: SINGLE (Groundball, 4D)
Batting: LHB Ethan Shaw 0-0: Grounds into double play, 6-4-3 (Groundball, 6)
Batting: LHB Marcos Villarreal 0-0: Ball
1-0: Called Strike
1-1: Ball
2-1: Fly out, F7 (Line Drive, 78M)
Top of the 1st over - 0 runs, 1 hit, 0 errors, 0 left on base; Tuscaloosa 0 - Havana 0
BOTTOM OF THE 1ST
Havana Rollers batting - Pitching for Tuscaloosa Trout Slayers : RHP Jorge Villalobos
Pitching: RHP Jorge Villalobos
Batting: LHB Marvin Nichols 0-0: Called Strike
0-1: Called Strike
0-2: Ball
1-2: Foul Ball, location: 2F
1-2: Foul Ball, location: 2F
1-2: Ball
2-2: SINGLE (Line Drive, 7LM)
Batting: LHB Mario Olivares 0-0: Ball
1-0: Called Strike
1-1: Ball
2-1: Called Strike
2-2: Ball
3-2: Strikes out looking
Batting: RHB Tommy Davenport 0-0: Ball
Marvin Nichols is caught stealing 2nd base
1-0: DOUBLE (Flyball, 78XD) - OUT at third base trying to stretch hit.
Bottom of the 1st over - 0 runs, 2 hits, 0 errors, 0 left on base; Tuscaloosa 0 - Havana 0
TOP OF THE 2ND
Tuscaloosa Trout Slayers batting - Pitching for Havana Rollers : RHP Rafael Marín
Batting: SHB Glenn Vadnais 0-0: Ball
1-0: Called Strike
1-1: Swinging Strike
1-2: Ball
2-2: Foul Ball, location: 2F
2-2: Fly out, F6 (Popup, 6)
Batting: LHB Ed Hart 0-0: Ball
1-0: Ball
2-0: Called Strike
2-1: Ball
3-1: Base on Balls
Batting: RHB Augusto Baca 0-0: Ball
1-0: Fly out, F9 (Flyball, 89S)
Batting: RHB Juan Reyes 0-0: Ground out U3 (Groundball, 2R)
Top of the 2nd over - 0 runs, 0 hits, 0 errors, 1 left on base; Tuscaloosa 0 - Havana 0
BOTTOM OF THE 2ND
Havana Rollers batting - Pitching for Tuscaloosa Trout Slayers : RHP Jorge Villalobos
Batting: LHB Shiro Ueno 0-0: Foul Ball, location: 2F
0-1: Ball
1-1: Ball
2-1: Fly out, F7 (Flyball, 7LS)
Batting: RHB Bill Little 0-0: Swinging Strike
0-1: SINGLE (Groundball, 56D)
Batting: RHB Chad Case 0-0: Called Strike
0-1: Ball
1-1: Grounds into double play, 5-4-3 (Groundball, 5L)
Bottom of the 2nd over - 0 runs, 1 hit, 0 errors, 0 left on base; Tuscaloosa 0 - Havana 0
TOP OF THE 3RD
Tuscaloosa Trout Slayers batting - Pitching for Havana Rollers : RHP Rafael Marín
Batting: SHB Adrián Nieto 0-0: Ball
1-0: Called Strike
1-1: Fly out, F8 (Flyball, 8RD)
Batting: RHB Claudio Gonzáles 0-0: Ball
1-0: Swinging Strike
1-1: Ball
2-1: Fly out, F8 (Flyball, 8LXD)
Batting: LHB Manuel Ortega 0-0: Ball
1-0: Foul Ball, location: 2F
1-1: Ground out 4-3 (Groundball, 4)
Top of the 3rd over - 0 runs, 0 hits, 0 errors, 0 left on base; Tuscaloosa 0 - Havana 0
BOTTOM OF THE 3RD
Havana Rollers batting - Pitching for Tuscaloosa Trout Slayers : RHP Jorge Villalobos
Batting: RHB Luis Aguilar 0-0: Foul Ball, location: 2F
0-1: Ball
1-1: Ball
2-1: Called Strike
2-2: Strikes out swinging
Batting: RHB Ken MacDonald 0-0: Ball
1-0: Swinging Strike
1-1: Ball
2-1: SINGLE (Flyball, 89S)
Batting: SHB Júlio Valentín 0-0: Ball
1-0: Foul Ball, location: 2F
1-1: Swinging Strike
1-2: Ball
2-2: Ball
3-2: Strikes out swinging
Batting: LHB Marvin Nichols 0-0: Fly out, F4 (Line Drive, 4)
Bottom of the 3rd over - 0 runs, 1 hit, 0 errors, 1 left on base; Tuscaloosa 0 - Havana 0
TOP OF THE 4TH
Tuscaloosa Trout Slayers batting - Pitching for Havana Rollers : RHP Rafael Marín
Batting: LHB Ethan Shaw 0-0: Called Strike
0-1: Ball
1-1: Called Strike
1-2: Ball
2-2: Foul Ball, location: 2F
2-2: DOUBLE (Flyball, 78XD)
Batting: LHB Marcos Villarreal 0-0: Ball
1-0: Called Strike
1-1: Swinging Strike
1-2: Strikes out swinging
Batting: SHB Glenn Vadnais 0-0: Ball
1-0: Ball
2-0: 2-RUN HOME RUN (Flyball, 9LD), Distance : 340 ft
Batting: LHB Ed Hart 0-0: Ball
1-0: Foul Ball, location: 2F
1-1: Foul Ball, location: 2F
1-2: Ball
2-2: Foul Ball, location: 2F
2-2: Strikes out swinging
Batting: RHB Augusto Baca 0-0: Ball
1-0: Foul Ball, location: 2F
1-1: SINGLE (Flyball, 78M) - OUT at second base trying to stretch hit.
Top of the 4th over - 2 runs, 3 hits, 0 errors, 0 left on base; Tuscaloosa 2 - Havana 0
BOTTOM OF THE 4TH
Havana Rollers batting - Pitching for Tuscaloosa Trout Slayers : RHP Jorge Villalobos
Batting: LHB Mario Olivares 0-0: Ball
1-0: Ball
2-0: Foul Ball, location: 2F
2-1: Fly out, F7 (Flyball, 78D)
Batting: RHB Tommy Davenport 0-0: Ball
1-0: Ball
2-0: Swinging Strike
2-1: Called Strike
2-2: Ball
3-2: Ground out 1-3 (Groundball, 13)
Batting: LHB Shiro Ueno 0-0: Swinging Strike
0-1: Swinging Strike
0-2: Foul Ball, location: 2F
0-2: Ball
1-2: Strikes out looking
Bottom of the 4th over - 0 runs, 0 hits, 0 errors, 0 left on base; Tuscaloosa 2 - Havana 0
TOP OF THE 5TH
Tuscaloosa Trout Slayers batting - Pitching for Havana Rollers : RHP Rafael Marín
Batting: RHB Juan Reyes 0-0: Ground out 4-3 (Groundball, 4)
Batting: SHB Adrián Nieto 0-0: Ball
1-0: Ball
2-0: Ball
3-0: Called Strike
3-1: Hit by Pitch
Batting: RHB Claudio Gonzáles 0-0: Ball
1-0: Called Strike
1-1: Foul Ball, location: 2F
1-2: Ball
2-2: Ball
3-2: Fly out, F9 (Flyball, 89S)
Batting: LHB Manuel Ortega 0-0: Called Strike
0-1: Ball
1-1: Ball
2-1: Fly out, F6 (Line Drive, 6MD)
Top of the 5th over - 0 runs, 0 hits, 0 errors, 1 left on base; Tuscaloosa 2 - Havana 0
BOTTOM OF THE 5TH
Havana Rollers batting - Pitching for Tuscaloosa Trout Slayers : RHP Jorge Villalobos
Batting: RHB Bill Little 0-0: Ball
1-0: Called Strike
1-1: SINGLE (Line Drive, 8LS)
Batting: RHB Chad Case 0-0: Ball
1-0: Called Strike
1-1: Ball
2-1: Called Strike
2-2: Ball
3-2: Strikes out swinging
Batting: RHB Luis Aguilar 0-0: Ball
1-0: Foul Ball, location: 2F
1-1: Ball
2-1: Ball
3-1: Base on Balls
Bill Little to second
Batting: RHB Ken MacDonald 0-0: Foul Ball, location: 2F
0-1: Foul Ball, location: 2F
0-2: Strikes out swinging
Batting: SHB Júlio Valentín 0-0: Ball
1-0: Fly out, F8 (Line Drive, 8RM)
Bottom of the 5th over - 0 runs, 1 hit, 0 errors, 2 left on base; Tuscaloosa 2 - Havana 0
TOP OF THE 6TH
Tuscaloosa Trout Slayers batting - Pitching for Havana Rollers : RHP Rafael Marín
Batting: LHB Ethan Shaw 0-0: SINGLE (Groundball, 6D)
Batting: LHB Marcos Villarreal 0-0: Swinging Strike
0-1: Ball
Wild Pitch!
Ethan Shaw to second
1-1: Fly out, F7 (Flyball, 7)
Batting: SHB Glenn Vadnais 0-0: Intentional Walk
Batting: LHB Ed Hart 0-0: Swinging Strike
0-1: Swinging Strike
0-2: Strikes out looking
Batting: RHB Augusto Baca 0-0: Ball
1-0: Called Strike
1-1: Called Strike
1-2: Ball
2-2: Fly out, F9 (Flyball, 9LSF)
Top of the 6th over - 0 runs, 1 hit, 0 errors, 2 left on base; Tuscaloosa 2 - Havana 0
BOTTOM OF THE 6TH
Havana Rollers batting - Pitching for Tuscaloosa Trout Slayers : RHP Jorge Villalobos
Batting: LHB Marvin Nichols 0-0: Called Strike
0-1: Ball
1-1: Foul Ball, location: 2F
1-2: Ball
2-2: Foul Ball, location: 2F
2-2: Strikes out swinging
Batting: LHB Mario Olivares 0-0: Foul Ball, location: 2F
0-1: Ball
1-1: Foul Ball, location: 2F
1-2: Ball
2-2: Ball
3-2: Fly out, F8 (Line Drive, 8LD)
Batting: RHB Tommy Davenport 0-0: Ball
1-0: SINGLE (Groundball, 34D)
Batting: LHB Shiro Ueno 0-0: Foul Ball, location: 2F
0-1: Called Strike
0-2: SINGLE (Flyball, 78S)
Tommy Davenport to second
Batting: RHB Bill Little 0-0: Called Strike
0-1: Ball
1-1: Ball
2-1: Foul Ball, location: 2F
2-2: Ball
3-2: SINGLE (Groundball, 4MD)
Tommy Davenport to third
Shiro Ueno to second
Tommy Davenport scores
Shiro Ueno to third
Batting: RHB Chad Case 0-0: Ball
1-0: Foul Ball, location: 2F
1-1: Swinging Strike
1-2: Foul Ball, location: 2F
1-2: Foul Ball, location: 2F
1-2: Ball
2-2: Strikes out swinging
Bottom of the 6th over - 1 run, 3 hits, 0 errors, 2 left on base; Tuscaloosa 2 - Havana 1
TOP OF THE 7TH
Tuscaloosa Trout Slayers batting - Pitching for Havana Rollers : RHP Rafael Marín
Batting: RHB Juan Reyes 0-0: Ball
1-0: SINGLE (Line Drive, 6MD)
Batting: SHB Adrián Nieto 0-0: Called Strike
0-1: SINGLE (Groundball, 6MD)
Juan Reyes to second
Pinch Runner at 2nd Kyle O'Day:
Batting: RHB Claudio Gonzáles 0-0: SINGLE (Flyball, 89S)
Kyle O'Day to third
Adrián Nieto to second
Runner from 3rd tries for Home, SAFE, no throw
Batting: LHB Manuel Ortega 0-0: Ball
1-0: Bunted foul
1-1: Ball
2-1: Sac Bunt - play at first, batter OUT! 2-4
Adrián Nieto to third
Claudio Gonzáles to second
Batting: LHB Ethan Shaw 0-0: Ball
1-0: Fly out, F9 (Flyball, 9D)
Runner from 3rd tags up, SCORES, no throw
Batting: LHB Marcos Villarreal 0-0: Swinging Strike
0-1: Ball
1-1: Called Strike
1-2: Ball
2-2: SINGLE (Groundball, 4MD)
Claudio Gonzáles to third
Runner from 3rd tries for Home, SAFE, no throw
Pitching: RHP Doug Scott
Batting: SHB Glenn Vadnais 0-0: Ball
1-0: Fly out, F7 (Flyball, 7D)
Top of the 7th over - 3 runs, 4 hits, 0 errors, 1 left on base; Tuscaloosa 5 - Havana 1
BOTTOM OF THE 7TH
Havana Rollers batting - Pitching for Tuscaloosa Trout Slayers : RHP Jorge Villalobos
Now at 2B: Jason Saunders
Batting: RHB Luis Aguilar 0-0: Called Strike
0-1: Called Strike
0-2: Ball
1-2: Ball
2-2: Ball
3-2: Strikes out swinging
Batting: RHB Ken MacDonald 0-0: Ground out 1-3 (Groundball, 13S)
Batting: SHB Júlio Valentín 0-0: Ball
1-0: Ball
2-0: Called Strike
2-1: Foul Ball, location: 2F
2-2: Ground out 4-3 (Groundball, 4)
Bottom of the 7th over - 0 runs, 0 hits, 0 errors, 0 left on base; Tuscaloosa 5 - Havana 1
TOP OF THE 8TH
Tuscaloosa Trout Slayers batting - Pitching for Havana Rollers : RHP Doug Scott
Batting: LHB Ed Hart 0-0: Foul Ball, location: 2F
0-1: Ground out U3 (Groundball, 3S)
Batting: RHB Augusto Baca 0-0: Called Strike
0-1: Foul Ball, location: 2F
0-2: Ground out 3-1 (Groundball, 34)
Batting: RHB Jason Saunders 0-0: Ball
1-0: Swinging Strike
1-1: Ball
2-1: Foul Ball, location: 2F
2-2: Foul Ball, location: 2F
2-2: Strikes out looking
Top of the 8th over - 0 runs, 0 hits, 0 errors, 0 left on base; Tuscaloosa 5 - Havana 1
BOTTOM OF THE 8TH
Havana Rollers batting - Pitching for Tuscaloosa Trout Slayers : RHP Jorge Villalobos
Pitching: RHP Víctor Viña
Batting: LHB Marvin Nichols 0-0: SINGLE (Line Drive, 6M)
Batting: LHB Mario Olivares 0-0: Ball
1-0: Fly out, F9 (Flyball, 9LM)
Batting: RHB Tommy Davenport 0-0: Ball
1-0: Ball
2-0: Ball
3-0: Base on Balls
Marvin Nichols to second
Batting: LHB Shiro Ueno 0-0: Ball
1-0: Fielders Choice at 2nd, 3-6 (Groundball, 34)
Marvin Nichols to third
Batting: RHB Bill Little 0-0: Ball
1-0: Called Strike
1-1: Ball
2-1: Ball
3-1: Swinging Strike
3-2: Ground out 6-3 (Groundball, 6)
Bottom of the 8th over - 0 runs, 1 hit, 0 errors, 2 left on base; Tuscaloosa 5 - Havana 1
TOP OF THE 9TH
Tuscaloosa Trout Slayers batting - Pitching for Havana Rollers : RHP Doug Scott
Batting: SHB Adrián Nieto 0-0: Ball
1-0: Foul Ball, location: 2F
1-1: Ball
2-1: Ball
3-1: Base on Balls
Batting: RHB Claudio Gonzáles 0-0: Foul Ball, location: 2F
0-1: Ball
1-1: Ball
2-1: Ball
3-1: Grounds into double play, 5-4-3 (Groundball, 56)
Batting: LHB Manuel Ortega 0-0: Foul Ball, location: 2F
0-1: Ball
1-1: Ball
2-1: Ground out 4-3 (Groundball, 4)
Top of the 9th over - 0 runs, 0 hits, 0 errors, 0 left on base; Tuscaloosa 5 - Havana 1
BOTTOM OF THE 9TH
Havana Rollers batting - Pitching for Tuscaloosa Trout Slayers : RHP Víctor Viña
Pitching: LHP Gerardo González
Batting: RHB Chad Case 0-0: Ball
1-0: Ground out 6-3 (Groundball, 56)
Batting: RHB Luis Aguilar 0-0: Called Strike
0-1: Swinging Strike
0-2: Ball
1-2: Strikes out swinging
Batting: RHB Ken MacDonald 0-0: SINGLE (Groundball, 6D)
Batting: SHB Júlio Valentín 0-0: Swinging Strike
0-1: Called Strike
0-2: Strikes out swinging
Bottom of the 9th over - 0 runs, 1 hit, 0 errors, 1 left on base; Tuscaloosa 5 - Havana 1
Saturday, April 7th, 2018 - OOTP Baseball 18.8 Build 76